Map: 2000 Atmospheres LE

Players

Goala - Winner!

  • Race: Zerg Zerg
  • League: Platinum

Staffesgay

  • Race: Protoss Protoss
  • League: Platinum

VOD

https://studio.youtube.com/channel/UClcPLa5vdbY-h6t8IFNfTjg/videos/upload?filter=%5B%5D&sort=%7B%22columnType%22%3A%22date%22%2C%22sortOrder%22%3A%22DESCENDING%22%7D

Description

Time

  • Played on: Nov. 22, 2021, 7:04 a.m.
  • Length: 44:14
Show
View Real Time Build Order
Export as new Build Order

Goala Zerg - Winner!

Build Orders: Pool First 

Get SALT Encoding   

  12  0:00  Drone  
  13  0:08  Drone  
  13  0:13  Extractor  
  13  0:15  Drone  
  15  0:22  Overlord  
  15  0:37  Extractor  
  15  0:41  Drone x2  
  16  0:47  Spawning Pool  
  15  0:50  Drone  
  15  0:55  Drone  
  17  1:06  Drone  
  18  1:23  Hatchery  
  18  1:25  Drone  
  18  1:37  Queen  
  20  1:41  Zergling x2  
  21  1:47  Metabolic Boost  
  21  1:53  Zergling x2  
  22  2:01  Baneling Nest  
  21  2:02  Zergling x2  
  22  2:13  Overlord  
  21  2:39  Zergling x2  
  22  2:44  Zergling x6  
  23  2:52  Zergling x2  
  24  3:07  Zergling x2  
  24  3:10  Zergling x6  
  26  3:21  Zergling x2  
  26  3:22  Zergling x2  
  26  3:24  Zergling x2  
  25  3:35  Lair  
  25  3:36  Drone x4  
  29  3:45  Queen  
  31  3:55  Drone x2  
  33  3:59  Zergling x4  
  35  4:13  Overlord x2  
  34  4:19  Extractor  
  31  4:26  Extractor  
  31  4:29  Drone x3  
  31  4:30  Drone x2  
  31  4:31  Drone  
  36  4:33  Spore Crawler  
  36  4:36  Extractor, Queen  
  36  4:41  Drone  
  36  4:42  Drone x2  
  39  4:46  Drone  
  40  5:03  Drone x2  
  40  5:07  Spire  
  41  5:10  Spore Crawler  
  41  5:12  Drone  
  41  5:15  Drone x3  
  44  5:31  Drone  
  44  5:34  Drone x3  
  48  5:52  Overlord x2  
  48  5:56  Drone  
  48  5:57  Drone x2  
  51  6:00  Drone  
  51  6:02  Overlord x2  
  52  6:20  Mutalisk x2  
  52  6:21  Mutalisk x2  
  52  6:24  Mutalisk x2  
  64  6:39  Mutalisk x2  
  64  6:44  Mutalisk x3  
  70  7:02  Queen  
  68  7:08  Spire  
  67  7:17  Spore Crawler  
  67  7:18  Spore Crawler  
  67  7:20  Spore Crawler, Zergling x8  
  67  7:21  Zergling x2  
  67  7:22  Drone x2  
  71  7:23  Drone x3  
  74  7:54  Hatchery  
  53  8:28  Corruptor x7  
  53  8:33  Mutalisk x3  
  67  8:45  Hydralisk Den  
  66  9:07  Queen  
  68  9:12  Drone  
  68  9:14  Spine Crawler  
  68  9:15  Extractor  
  66  9:25  Hydralisk x3  
  70  9:42  Hydralisk x2  
  70  9:43  Overlord x3  
  70  9:44  Overlord  
  74  9:46  Grooved Spines  
  74  9:56  Spore Crawler  
  74  9:57  Spore Crawler, Queen  
  74  9:58  Spore Crawler  
  74  9:59  Drone  
  74  10:06  Hydralisk x2  
  74  10:07  Hydralisk x4  
  86  10:14  Evolution Chamber  
  86  10:18  Hydralisk x2  
  89  10:22  Hydralisk  
  89  10:25  Hydralisk  
  93  10:30  Zergling x6  
  96  10:39  Infestation Pit  
  95  10:46  Drone x5  
  100  10:52  Extractor, Drone  
  100  10:53  Drone x2  
  102  10:58  Muscular Augments  
  102  11:07  Hydralisk x2  
  106  11:13  Overlord x2  
  103  11:34  Hive  
  103  11:39  Hydralisk x5  
  107  12:14  Overlord  
  107  12:15  Overlord x5  
  107  12:40  Zerg Missile Weapons Level 1  
  107  12:41  Hydralisk x3  
  113  12:46  Greater Spire  
  113  12:48  Overseer  
  113  12:52  Hydralisk x6  
  113  12:53  Hydralisk x3  
  131  12:59  Drone x3  
  134  13:16  Hydralisk x4  
  138  13:41  Hydralisk x6  
  150  13:52  Drone x4  
  154  14:15  Overlord x5  
  154  14:43  Brood Lord x6  
  154  14:44  Brood Lord  
  168  15:12  Hatchery  
  163  15:42  Corruptor x5  
  161  15:43  Corruptor x4  
  119  16:15  Hydralisk x3, Mutalisk  
  119  16:16  Hydralisk x5  
  123  16:52  Extractor  
  123  16:53  Extractor  
  121  16:54  Spine Crawler  
  121  16:55  Spore Crawler, Drone x3  
  121  16:59  Brood Lord x3  
  128  17:20  Drone x4  
  132  17:28  Brood Lord x2  
  132  17:29  Brood Lord  
  138  17:32  Brood Lord  
  138  17:36  Drone x3  
  88  18:23  Hydralisk  
  88  18:24  Hydralisk x9  
  88  18:25  Hydralisk x2  
  88  18:27  Hydralisk x4  
  110  18:53  Hydralisk  
  110  18:54  Hydralisk  
  114  18:57  Hydralisk x3  
  114  18:58  Hydralisk x2  
  114  19:00  Queen  
  127  19:02  Zergling x2  
  127  19:03  Zergling x4  
  97  19:44  Queen  
  95  19:46  Queen  
  95  19:52  Hydralisk x3  
  97  19:56  Hydralisk x6  
  115  20:07  Hydralisk x3  
  115  20:09  Hydralisk x2  
  125  20:15  Baneling x3  
  125  20:16  Baneling x3  
  125  20:21  Queen  
  125  20:25  Mutalisk x3  
  88  21:28  Overseer x2  
  88  21:29  Overseer  
  82  21:37  Mutalisk x5  
  82  21:38  Mutalisk x5  
  102  21:42  Zergling x12  
  102  21:45  Hydralisk x3  
  114  21:49  Hydralisk x3  
  114  21:50  Hydralisk x2  
  124  22:06  Hydralisk x3  
  130  22:10  Hydralisk x2  
  128  22:52  Hatchery  
  104  23:39  Hydralisk x4  
  104  23:40  Hydralisk x6  
  124  23:44  Hydralisk x5  
  124  23:45  Hydralisk x5  
  144  23:48  Zergling x6  
  144  23:49  Zergling x4  
  144  23:51  Queen  
  144  23:53  Corruptor x2  
  134  24:27  Queen  
  134  24:43  Hydralisk x7  
  134  24:44  Hydralisk x2  
  141  24:56  Spine Crawler, Zergling x6  
  141  24:57  Zergling x10  
  148  25:01  Drone x2  
  148  25:02  Drone  
  148  25:03  Queen  
  149  25:07  Extractor  
  149  25:08  Hydralisk x5  
  148  25:23  Overseer  
  148  25:31  Brood Lord  
  150  25:39  Queen  
  150  25:41  Hydralisk  
  150  25:42  Hydralisk  
  154  25:55  Zergling x4  
  156  26:02  Overseer x3  
  156  26:10  Spine Crawler  
  155  26:13  Drone x3  
  158  26:19  Spine Crawler  
  158  26:21  Spine Crawler  
  156  26:27  Baneling x2  
  156  26:28  Baneling x7  
  156  26:29  Baneling  
  156  26:45  Extractor  
  155  27:00  Hydralisk x5  
  165  27:12  Brood Lord  
  167  27:20  Zergling x12  
  167  27:21  Zergling x2  
  174  27:24  Overlord x3  
  174  27:36  Overlord x7  
  174  27:47  Baneling x5  
  174  27:48  Baneling x8  
  174  27:49  Baneling  
  174  27:50  Spine Crawler  
  163  28:31  Hydralisk x3  
  169  28:34  Hydralisk x2  
  169  28:35  Hydralisk x2  
  169  28:37  Overseer  
  177  28:46  Hydralisk  
  179  28:52  Zergling x8  
  179  28:53  Zergling x10  
  181  29:13  Drone x4  
  184  29:37  Baneling x3  
  184  29:38  Baneling x2  
  184  29:41  Hatchery  
  184  29:45  Lair  
  96  31:05  Overseer x5  
  96  31:06  Overseer x2  
  94  31:15  Hydralisk x7  
  94  31:16  Hydralisk x8  
  94  31:17  Hydralisk x4  
  132  31:22  Hydralisk x2  
  136  31:36  Drone x2  
  136  31:37  Drone  
  136  31:38  Queen  
  141  31:52  Extractor  
  140  31:56  Drone  
  140  31:57  Extractor  
  140  32:06  Baneling x8  
  140  32:07  Baneling x6  
  140  32:08  Baneling  
  140  32:14  Queen  
  105  33:26  Hydralisk x3  
  83  33:30  Zergling x2  
  83  33:31  Zergling x16  
  83  33:32  Zergling x12  
  82  33:37  Zergling x16  
  88  33:46  Hydralisk Den  
  88  33:48  Zergling x6  
  90  33:52  Spine Crawler  
  90  33:54  Spine Crawler  
  90  33:55  Spine Crawler  
  87  33:56  Spore Crawler  
  86  34:04  Overseer  
  86  34:19  Spawning Pool  
  85  34:27  Evolution Chamber  
  74  35:04  Overseer x5  
  74  35:11  Hydralisk  
  74  35:12  Hydralisk x9  
  94  35:16  Hydralisk  
  94  35:17  Hydralisk x7  
  110  35:27  Zergling x6  
  110  35:28  Zergling x12  
  118  35:32  Zergling x6  
  118  35:33  Zergling x4  
  124  35:36  Zergling x6  
  127  36:04  Hydralisk x4  
  127  36:05  Hydralisk  
  132  36:25  Hydralisk x7  
  130  36:26  Hydralisk  
  144  37:01  Overlord x6  
  136  37:39  Hatchery  
  135  37:44  Hydralisk  
  135  37:49  Overlord x2  
  137  37:53  Hatchery  
  47  39:00  Hydralisk x7  
  53  39:09  Hydralisk x2  
  47  39:10  Hydralisk  
  51  39:30  Drone x3  
  40  39:42  Spawning Pool  
  39  39:48  Drone x3  
  42  40:02  Spawning Pool  
  42  40:07  Drone x3  
  36  40:47  Drone x5  
  41  40:50  Spine Crawler  
  41  40:53  Lair  
  41  40:54  Drone x4  
  44  41:05  Drone x3  
  44  41:09  Spine Crawler  
  44  41:11  Spine Crawler  
  40  41:33  Spore Crawler  
  40  41:36  Spore Crawler  
  40  41:37  Spore Crawler  
  37  41:41  Spore Crawler  
  29  42:11  Overseer x7  
  29  42:13  Drone x3  
  29  42:14  Drone x3  
  35  42:23  Hydralisk Den  
  35  42:26  Spore Crawler  
  35  42:29  Drone x3  
  35  42:47  Spore Crawler  
  35  42:51  Zergling x6  
  35  42:52  Spore Crawler  
  35  42:57  Drone x2  
  32  43:20  Hydralisk x2  
  36  43:27  Spore Crawler  
  36  43:28  Spore Crawler, Drone  
  34  43:39  Hydralisk x2  
  38  44:05  Spore Crawler  
Show
View Real Time Build Order
Export as new Build Order

Staffesgay Protoss 

Build Orders:  

Get SALT Encoding   

  12  0:02  Probe  
  13  0:16  Probe  
  14  0:24  Pylon  
  14  0:29  Probe  
  15  0:42  Probe  
  16  0:50  Gateway  
  16  0:54  Forge  
  16  0:56  Probe (Chrono Boost)  
  17  1:08  Probe (Chrono Boost)  
  18  1:17  Probe (Chrono Boost)  
  19  1:20  Assimilator  
  19  1:22  Probe  
  20  1:34  Probe  
  21  1:42  Cybernetics Core  
  21  1:46  Probe  
  22  1:53  Assimilator  
  22  1:55  Pylon  
  22  1:58  Probe  
  23  2:02  Photon Cannon  
  23  2:13  Probe  
  24  2:17  Photon Cannon  
  24  2:24  Photon Cannon  
  24  2:29  Pylon  
  23  2:51  Pylon, Warp Gate  
  23  3:08  Nexus  
  23  3:35  Zealot  
  23  3:39  Shield Battery  
  25  3:42  Photon Cannon  
  25  3:53  Stargate  
  25  3:58  Probe (Chrono Boost)  
  28  4:02  Zealot  
  28  4:09  Probe (Chrono Boost)  
  29  4:22  Probe (Chrono Boost)  
  30  4:27  Stargate  
  31  4:32  Probe (Chrono Boost)  
  31  4:35  Assimilator  
  31  4:37  Void Ray, Probe (Chrono Boost)  
  36  4:48  Probe  
  37  4:57  Pylon  
  37  5:00  Probe  
  37  5:05  Protoss Air Weapons Level 1  
  38  5:09  Void Ray (Chrono Boost)  
  38  5:14  Void Ray (Chrono Boost)  
  38  5:21  Probe  
  47  5:30  Pylon  
  47  5:33  Probe  
  48  5:42  Probe  
  48  5:43  Void Ray (Chrono Boost)  
  53  5:50  Probe  
  53  5:54  Void Ray (Chrono Boost)  
  54  5:59  Probe  
  59  6:11  Probe  
  59  6:13  Pylon  
  60  6:24  Assimilator, Probe  
  65  6:36  Probe  
  66  6:48  Probe  
  63  7:00  Phoenix x2  
  51  7:06  Fleet Beacon  
  47  7:25  Phoenix x2  
  47  7:29  Nexus  
  51  7:35  Pylon  
  51  7:36  Pylon  
  51  7:44  Protoss Ground Weapons Level 1  
  51  7:50  Anion Pulse-Crystals, Phoenix x2  
  54  8:01  Protoss Air Armor Level 1  
  54  8:40  Phoenix x2  
  58  9:05  Phoenix x2, Nexus  
  58  9:07  Pylon x2  
  62  9:10  Assimilator  
  62  9:29  Phoenix  
  62  9:51  Phoenix  
  64  9:54  Phoenix  
  64  9:57  Probe (Chrono Boost)  
  67  10:07  Probe (Chrono Boost)  
  68  10:11  Probe (Chrono Boost)  
  69  10:16  Phoenix  
  69  10:19  Phoenix  
  73  10:21  Photon Cannon  
  73  10:22  Photon Cannon  
  73  10:23  Probe (Chrono Boost)  
  73  10:25  Photon Cannon  
  73  10:27  Photon Cannon  
  74  10:31  Photon Cannon  
  74  10:34  Probe (Chrono Boost)  
  75  10:35  Photon Cannon  
  75  10:39  Probe x2 (Chrono Boost)  
  75  10:40  Protoss Air Weapons Level 2  
  75  10:41  Phoenix  
  79  10:44  Phoenix  
  79  10:49  Probe  
  82  10:50  Probe, Stalker  
  85  11:03  Probe  
  86  11:08  Gateway  
  86  11:11  Gateway x2  
  86  11:12  Gateway  
  86  11:15  Probe  
  86  11:17  Twilight Council  
  87  11:18  Gateway  
  87  11:19  Gateway  
  87  11:21  Gateway  
  87  11:27  Probe  
  88  11:39  Probe  
  89  11:51  Probe  
  90  12:03  Probe  
  91  12:15  Probe  
  92  12:16  Charge  
  92  12:21  Protoss Ground Weapons Level 2  
  92  12:27  Mothership  
  92  12:28  Pylon  
  92  12:29  Pylon  
  100  12:30  Pylon  
  100  12:52  Nexus  
  100  12:57  Robotics Facility  
  100  12:59  Robotics Facility  
  100  13:02  Pylon  
  100  13:10  Assimilator  
  100  13:34  Robotics Facility  
  100  13:36  Robotics Facility  
  100  13:47  Immortal x2  
  108  14:01  Pylon  
  108  14:02  Pylon  
  108  14:03  Probe  
  109  14:15  Probe  
  110  14:21  Probe  
  111  14:26  Immortal x2  
  111  14:28  Probe  
  111  14:30  Photon Cannon  
  120  14:31  Photon Cannon  
  120  14:33  Photon Cannon  
  120  14:34  Probe  
  120  14:35  Photon Cannon, Immortal x2, Protoss Air Weapons Level 3  
  120  14:37  Photon Cannon  
  120  14:38  Shield Battery  
  129  14:40  Probe, Shield Battery  
  129  14:43  Shield Battery  
  129  14:45  Robotics Bay  
  130  14:46  Probe  
  130  14:52  Probe  
  132  14:58  Probe  
  133  15:01  Protoss Ground Weapons Level 3  
  133  15:04  Probe  
  133  15:05  Immortal x2  
  142  15:10  Forge, Gateway  
  146  15:14  Immortal  
  146  15:22  Immortal  
  144  15:44  Immortal  
  99  16:16  Zealot x4  
  99  16:17  Zealot x3  
  93  16:21  Immortal x2  
  93  16:22  Immortal  
  105  16:41  Assimilator  
  105  16:43  Disruptor  
  108  16:50  Phoenix x2  
  112  17:00  Disruptor, Colossus  
  112  17:01  Immortal  
  125  17:15  Phoenix x2  
  129  17:36  Nexus  
  129  17:40  Phoenix x2  
  129  17:43  Nexus  
  117  18:05  Phoenix x2  
  80  18:25  Zealot x2  
  80  18:26  Zealot x3  
  84  18:30  Immortal x2  
  86  18:51  Zealot  
  86  18:52  Zealot x6  
  100  19:02  Probe  
  91  19:14  Probe  
  91  19:16  Assimilator  
  80  19:21  Zealot  
  80  19:22  Zealot x5  
  80  19:23  Zealot  
  86  19:26  Probe  
  87  19:36  Immortal  
  87  19:38  Probe  
  88  19:50  Probe  
  89  19:54  Dark Shrine  
  89  20:06  Assimilator  
  89  20:15  Immortal  
  93  20:28  Nexus  
  93  20:32  Protoss Ground Armor Level 1  
  93  20:37  Zealot x3  
  93  20:38  Zealot x5  
  109  20:48  Phoenix  
  109  20:49  Phoenix  
  83  21:08  Dark Templar x3  
  83  21:09  Dark Templar x3  
  91  21:13  Phoenix  
  92  21:33  Pylon  
  92  21:44  Probe (Chrono Boost)  
  94  21:54  Probe (Chrono Boost)  
  94  21:55  Phoenix x2  
  94  21:59  Pylon, Probe (Chrono Boost)  
  99  22:02  Pylon  
  99  22:10  Probe  
  99  22:13  Photon Cannon  
  99  22:14  Photon Cannon  
  100  22:17  Photon Cannon  
  100  22:18  Shield Battery  
  100  22:20  Phoenix x2  
  100  22:22  Probe  
  105  22:34  Robotics Facility, Probe  
  105  22:36  Robotics Facility  
  106  22:40  Photon Cannon  
  106  22:41  Photon Cannon  
  103  22:45  Phoenix  
  103  22:47  Probe  
  96  22:52  Zealot  
  96  22:53  Zealot  
  96  22:54  Zealot x2  
  96  22:55  Zealot x3  
  82  23:34  Dark Shrine  
  82  23:37  Assimilator  
  82  23:41  Zealot x3  
  84  23:46  Zealot x4  
  96  24:09  Zealot x2  
  94  24:10  Zealot x4  
  94  24:11  Zealot x2  
  100  24:26  Assimilator  
  100  24:30  Pylon  
  100  24:33  Zealot x3  
  100  24:34  Zealot x4  
  100  24:35  Zealot  
  110  24:48  Protoss Shields Level 1  
  104  24:58  Photon Cannon  
  99  25:00  Photon Cannon  
  99  25:09  Zealot x4  
  99  25:12  Zealot x3  
  103  25:27  Nexus  
  83  25:53  Probe (Chrono Boost)  
  84  26:02  Assimilator  
  84  26:03  Probe (Chrono Boost)  
  85  26:04  Pylon  
  85  26:06  Pylon  
  85  26:08  Probe (Chrono Boost)  
  86  26:15  Nexus  
  86  26:17  Dark Templar  
  86  26:18  Dark Templar x6  
  96  26:19  Probe  
  101  26:28  Pylon  
  101  26:32  Probe  
  102  26:33  Cybernetics Core  
  102  26:43  Probe (Chrono Boost)  
  103  26:51  Assimilator  
  104  26:55  Zealot x3, Probe (Chrono Boost)  
  104  26:56  Zealot x3  
  104  26:58  Zealot  
  104  27:01  Probe (Chrono Boost)  
  119  27:10  Probe  
  119  27:12  Robotics Facility  
  119  27:15  Robotics Facility  
  120  27:17  Robotics Facility  
  120  27:19  Robotics Facility  
  121  27:24  Probe (Chrono Boost)  
  121  27:28  Probe (Chrono Boost)  
  123  27:38  Probe (Chrono Boost)  
  123  27:39  Probe (Chrono Boost)  
  123  27:43  Probe (Chrono Boost)  
  124  27:44  Zealot  
  124  27:45  Zealot x5  
  124  27:46  Probe  
  138  27:55  Probe  
  138  27:58  Probe  
  140  28:20  Pylon  
  113  28:59  Dark Templar x2  
  113  29:00  Dark Templar x4  
  125  29:05  Nexus  
  125  29:07  Pylon  
  125  29:08  Pylon  
  115  29:10  Pylon  
  105  29:20  Zealot  
  107  29:47  Photon Cannon  
  107  29:48  Photon Cannon  
  107  29:50  Photon Cannon  
  107  29:53  Cybernetics Core  
  107  29:54  Zealot x4  
  107  29:55  Zealot x2  
  90  31:04  Probe (Chrono Boost)  
  91  31:14  Probe (Chrono Boost)  
  92  31:19  Probe (Chrono Boost)  
  93  31:30  Probe  
  94  31:35  Shield Battery  
  94  31:37  Shield Battery  
  94  31:41  Photon Cannon  
  94  31:42  Probe  
  94  31:45  Unknown  
  94  31:46  Nexus  
  95  31:49  Robotics Facility  
  95  31:50  Robotics Facility  
  103  31:55  Robotics Facility  
  103  31:57  Robotics Facility  
  103  31:59  Mothership (Chrono Boost)  
  103  32:07  Pylon  
  103  32:08  Pylon  
  103  32:12  Zealot x2  
  103  32:13  Zealot x3  
  103  32:14  Zealot x2  
  75  33:05  Dark Templar x3  
  74  33:06  Dark Templar x4  
  86  33:15  Immortal  
  86  33:16  Immortal x3  
  79  33:28  Probe (Chrono Boost)  
  80  33:38  Probe (Chrono Boost)  
  81  33:43  Probe (Chrono Boost)  
  81  33:46  Probe  
  83  33:54  Probe  
  84  33:58  Probe  
  84  34:02  Immortal x3  
  97  34:06  Probe, Immortal  
  102  34:10  Probe  
  102  34:18  Probe  
  102  34:22  Probe  
  104  34:30  Probe  
  96  35:05  Nexus  
  96  35:11  Disruptor  
  96  35:12  Disruptor x2  
  105  35:29  Probe (Chrono Boost)  
  106  35:38  Probe (Chrono Boost)  
  107  35:43  Probe (Chrono Boost)  
  108  35:55  Zealot x4, Probe  
  117  36:16  Probe  
  41  39:39  Nexus  
  20  40:47  Nexus  
  20  40:49  Pylon  
  19  42:07  Nexus  
  19  42:25  Pylon  
  18  43:19  Probe  
Tags
 
Add a new tag
Caveats
  • Supply blocks, unpowered buildings, or Contaminate may cause inaccurate times.
  • Supply counts are checked every 10 seconds.